 Dungeon Crawl Stone Soup version 0.17.0-28-g6e173f8 (webtiles) character file.

168 Rationalist the Covered (level 5, 0/42 HPs)
             Began as a Formicid Fighter on Nov 26, 2015.
             Slain by a scorpion (5 damage)
             ... on level 4 of the Dungeon.
             The game lasted 00:04:25 (3108 turns).

Rationalist the Covered (Formicid Fighter)          Turns: 3108, Time: 00:04:25

Health: 0/42       AC:  3    Str: 24    XL:     5   Next: 78%
Magic:  5/5        EV: 10    Int:  7    God:
Gold:   208        SH: 10    Dex: 11    Spells: 0 memorised, 4 levels left

rFire  . . .     SeeInvis +     a - +0 war axe
rCold  + . .     Clarity  .     B - +0 leather armour {rC+}
rNeg   . . .     SustAt   .     c - +0 shield
rPois  .         Gourm    .     (helmet unavailable)
rElec  .         Spirit   .     (no cloak)
rCorr  .         Warding  .     (no gloves)
rMut   .         Stasis   +     (no boots)
MR     .....                    (no amulet)
Stlth  +.........               (no ring)
                                n - +3 ring of strength

@: lethally poisoned (0 -> -4), not resistant to hostile enchantments, very
unstealthy
A: permanent stasis, dig shafts and tunnels, four strong arms, antennae 3
a: Dig, Shaft Self


You were on level 4 of the Dungeon.
You were hungry.

You visited 1 branch of the dungeon, and saw 4 of its levels.

You collected 208 gold pieces.

Inventory:

Hand Weapons
 a - a +0 war axe (weapon)
Missiles
 r - 24 sling bullets
 w - 18 bolts
 E - 5 poisoned tomahawks (quivered)
Armour
 c - a +0 shield (worn)
 B - a +0 leather armour of cold resistance (worn)
Jewellery
 n - a +3 ring of strength (left hand)
Scrolls
 b - a scroll of fear {unknown}
 f - a scroll of enchant armour {unknown}
 h - 2 scrolls of amnesia {unknown}
 j - 2 scrolls of recharging {unknown}
 k - a scroll of enchant weapon {unknown}
 l - a scroll of identify
 m - a scroll of fog {unknown}
 p - 2 scrolls of random uselessness {unknown}
 t - a scroll of remove curse {unknown}
 v - a scroll of magic mapping {unknown}
 y - a scroll of teleportation {unknown}
Potions
 d - 2 potions of might
 i - a potion of heal wounds {unknown}
 o - a potion of magic
 s - a potion of brilliance
 u - a potion of ambrosia {unknown}
 x - a potion of haste {unknown}
 z - a potion of cancellation {unknown}
 A - a potion of agility {unknown}
 C - a potion of flight
Comestibles
 e - 5 bread rations
 g - 3 beef jerkies
 q - 2 meat rations


   Skills:
 + Level 4.1 Fighting
 + Level 3.1 Axes
 + Level 4.4 Armour
 + Level 1.5 Dodging
 + Level 0.3 Stealth
 + Level 4.2 Shields


You had 4 spell levels left.
You didn't know any spells.

Dungeon Overview and Level Annotations

Branches:
Dungeon (4/15)
 Temple: D:4-7

Altars:
Ashenzari
Xom


Innate Abilities, Weirdness & Mutations

You are under a permanent stasis effect.
You can dig through walls and to a lower floor.
Your four strong arms can wield two-handed weapons with a shield.
You have a pair of large antennae on your head (SInv).


Message History

The scorpion stings you.
The scorpion stings you but does no damage.
You closely miss the scorpion.
The scorpion is heavily wounded.
You block the scorpion's attack.
You slash the scorpion!
The scorpion is severely wounded.
The scorpion barely misses you.
You barely miss the scorpion.
The scorpion is severely wounded.
The scorpion stings you.
* * * LOW HITPOINT WARNING * * *
You are poisoned.
The scorpion poisons you! The scorpion stings you.
* * * LOW HITPOINT WARNING * * *
You closely miss the scorpion.
The scorpion is severely wounded.
* * * LOW HITPOINT WARNING * * *
You feel sick. The scorpion stings you.
You die...

#....<<.....#..........)...
#...........#..............
#.....#######.......#######
#.....##............#
#......#............+
#......#............#
#......#............#
#......#..s.........#
#...##+#..@.........#
#...#......##########
#...'......# #...#......#
#...#......# #...#......#
#...#......# ######......#
#........####


You could see a scorpion.

Vanquished Creatures
  An orc wizard (D:4)
  7 adders
  A worm (D:2)
  A giant gecko (D:4)
  11 orcs
  8 hobgoblins
  11 kobolds
  A quokka (D:3)
  6 bats
  3 giant cockroaches
  5 giant newts
  8 goblins
  5 rats
68 creatures vanquished.

Notes
Turn   | Place    | Note
--------------------------------------------------------------
     0 | D:1      | Rationalist the Formicid Fighter began the quest for the Orb.
     0 | D:1      | Reached XP level 1. HP: 18/18 MP: 1/1
   190 | D:1      | Reached XP level 2. HP: 24/24 MP: 2/2
   784 | D:2      | Reached XP level 3. HP: 18/29 MP: 3/3
  1285 | D:2      | Found a shattered altar of Ashenzari.
  1422 | D:2      | Reached skill level 4 in Armour
  1422 | D:2      | Reached XP level 4. HP: 37/37 MP: 4/4
  1858 | D:3      | Found a shimmering altar of Xom.
  2100 | D:3      | Reached skill level 1 in Dodging
  2100 | D:3      | Reached XP level 5. HP: 39/42 MP: 5/5
  3108 | D:4      | Slain by a scorpion

Action                   |  1- 3 |  4- 6 || total
-------------------------+-------+-------++-------
Melee: War axe           |    72 |   111 ||   183
 Abil: Dig               |     2 |     4 ||     6
  Use: Scroll            |       |     4 ||     4
       Potion            |       |     1 ||     1
  Eat: Chunk             |     2 |     5 ||     7
